 Dungeon Crawl Stone Soup version 0.23.1 (webtiles) character file.

Game seed: 18439565347887128647

44 doot the Grasshopper (level 3, 0/16 HPs)
             Began as a Felid Warper on Mar 19, 2019.
             Succumbed to an adder's poison
             ... on level 2 of the Dungeon.
             The game lasted 00:01:43 (1894 turns).

doot the Grasshopper (Felid Warper)                 Turns: 1894, Time: 00:01:43

Health: 0/16       AC:  1    Str: 13    XL:     3   Next: 39%
Magic:  6/7        EV: 19    Int: 14    God:
Gold:   95         SH:  0    Dex: 15    Spells: 2/6 levels left
                                        Lives:  0   Deaths: 0

rFire    . . .     SeeInvis +     - Unarmed
rCold    . . .     Gourm    .   (shield unavailable)
rNeg     . . .     Faith    .   (armour unavailable)
rPois    .         Spirit   .   (helmet unavailable)
rElec    .         Reflect  .   (cloak unavailable)
rCorr    .         Harm     .   (gloves unavailable)
MR       .....                  (boots unavailable)
Stlth    ++........             (no amulet)
HPRegen  0.05/turn              (no ring)
MPRegen  0.10/turn              (no ring)

@: mighty, lethally poisoned (0 -> -6), flying, very slightly contaminated,
invisible, quick
A: very small, no armour, no weapons or thrown items, stealth, claws 1, fangs 3,
see invisible, carnivore, speed 1, shaggy fur 1, slow metabolism 1, sharp paws
a: no special abilities


You were on level 2 of the Dungeon.
You were not hungry.

You visited 1 branch of the dungeon, and saw 2 of its levels.

You collected 95 gold pieces.

Inventory:

Scrolls
 a - a scroll of amnesia {unknown}
 b - a scroll of blinking
 e - a scroll of teleportation {unknown}
 f - a scroll of remove curse {unknown}
 h - a scroll of enchant weapon {unknown}
 j - a scroll of random uselessness {unknown}
Comestibles
 c - 3 rations


   Skills:
 + Level 2.2 Fighting
 + Level 3.9 Dodging
 + Level 1.1 Stealth
 + Level 2.7 Unarmed Combat
 + Level 2.2 Spellcasting
 + Level 0.2 Charms
 + Level 4.4 Translocations


You had 2 spell levels left.
You knew the following spells:

 Your Spells              Type           Power        Failure   Level  Hunger
a - Blink                 Tloc           N/A          5%          2    ###....
b - Shroud of Golubria    Chrm/Tloc      #.........   14%         2    ###....

Your spell library contained the following spells:

 Spells                   Type           Power        Failure   Level  Hunger
 Gell's Gravitas          Tloc           ##........   11%         3    ###....
 Lesser Beckoning         Tloc           ##........   11%         3    ###....
 Teleport Other           Tloc           ##......     11%         3    ###....
 Passage of Golubria      Tloc           N/A          36%         4    #####..


Dungeon Overview and Level Annotations

Branches:
Dungeon (2/15)

Altars:


Innate Abilities, Weirdness & Mutations

You cannot wear armour.
You are incapable of wielding weapons or throwing items.
Your paws allow you to move quietly. (Stealth)
You have sharp claws.
You have razor-sharp teeth.
You have supernaturally acute eyesight. (SInv)
You are carnivorous and can eat meat at any time.
You cover ground quickly.
You are covered in fur. (AC +1)
You have a slow metabolism.
Your sharp claws are effective at attacking unaware monsters.


Message History

* * * LOW HITPOINT WARNING * * *
You feel sick.
Unknown command.
It was a potion of invisibility.
You fade into invisibility!
You are very lightly contaminated with residual magic.
Unknown command.
It was a potion of flight.
You feel very buoyant.
You fly up into the air.
* * * LOW HITPOINT WARNING * * *
You feel sick.
Unknown command.
There is a lethal amount of poison in your body!
There is a lethal amount of poison in your body!
There is a lethal amount of poison in your body!
There is a lethal amount of poison in your body!
There is a lethal amount of poison in your body!
There is a lethal amount of poison in your body!
You die...

#.#....#
##.#....# #
#....#
..#####..###
#...#....#
###...#..#
.........##
#####....######
#...@†....#
#...##.....#
....## ###...#
.##. #.. # .


There were no monsters in sight!

Vanquished Creatures
  An adder (D:2)
  A worm (D:2)
  A leopard gecko (D:2)
  5 bats
  2 giant cockroaches (D:1)
  2 goblins (D:1)
  6 hobgoblins
  A quokka (D:2)
  2 frilled lizards (D:1)
  2 kobolds
  5 rats
28 creatures vanquished.

Notes
Turn   | Place    | Note
-------+----------+-------------------------------------------
     0 | D:1      | doot the Felid Warper began the quest for the Orb.
     0 | D:1      | Reached XP level 1. HP: 9/9 MP: 4/4
   228 | D:1      | Reached XP level 2. HP: 13/13 MP: 6/6
   232 | D:1      | Learned a level 2 spell: Blink
   235 | D:1      | Learned a level 2 spell: Shroud of Golubria
  1296 | D:2      | Reached skill level 1 in Stealth
  1676 | D:2      | Reached XP level 3. HP: 9/16 MP: 7/7
  1894 | D:2      | Succumbed to an adder's poison

Skill      XL: |  1  2 |
---------------+-------+-----
Stealth        | 1 |  1.1
Fighting       | |  2.2
Dodging        | |  3.9
Unarmed Combat | |  2.7
Spellcasting   | |  2.2
Charms         | |  0.2
Translocations | |  4.4

Action                   || total
-------------------------++-------
Melee: Unarmed           ||   112
       Bite              ||     8
 Cast: Shroud of Golubri ||     3
  Use: Potion            ||     3
 Stab: Sleeping          ||     3
  Eat: Chunk             ||     5
Armor: Skin              ||     3
Dodge: Dodged            ||    94
